 Dungeon Crawl Stone Soup version 0.29-a0-393-g47a863c (webtiles) character file.

Game seed: 18370891345625249901

638 Illumine the Quickloader (level 7, -5/44 HPs)
             Began as a Kobold Hunter on May 9, 2022.
             Was an Initiate of Okawaru.
             Slain by an ogre
             ... wielding a +0 giant club
              (30 damage)
             ... on level 5 of the Dungeon.
             The game lasted 00:05:31 (5375 turns).

Illumine the Quickloader (Kobold Hunter)            Turns: 5375, Time: 00:05:32

Health: -5/44      AC:  8    Str: 11    XL:     7   Next: 80%
Magic:  7/7        EV: 14    Int: 10    God:    Okawaru [......]
Gold:   251        SH:  0    Dex: 22    Spells: 6/6 levels left

rFire   + . .      SeeInvis .   a - +1 hand crossbow
rCold   . . .      Faith    .   (no shield)
rNeg    . . .      Spirit   .   q - +1 ring mail of Ulitiot {rF+ Dex+4}
rPois   .          Reflect  .   f - +0 helmet
rElec   .          Harm     .   d - +0 cloak
rCorr   +          Rampage  .   (no gloves)
Will    .....                   (no boots)
Stlth   ++++......              (no amulet)
HPRegen 0.14/turn               x - ring of resist corrosion
MPRegen 0.10/turn               (no ring)

@: no status effects
A: small, no large weapons, nightstalker 3
a: Renounce Religion


You were on level 5 of the Dungeon.
You worshipped Okawaru.
Okawaru was noncommittal.
You visited 2 branches of the dungeon, and saw 6 of its levels.

You collected 251 gold pieces.

Inventory:

Hand Weapons
 a - a +1 hand crossbow (weapon)
Missiles
 o - 6 boomerangs of dispersal
 p - a throwing net
Armour
 d - a +0 cloak (worn)
 f - a +0 helmet (worn)
 q - the +1 ring mail of Ulitiot (worn) {rF+ Dex+4}
   (You found it on level 2 of the Dungeon)

   Dex:       It affects your dexterity (+4).
   rF:        It protects you from fire.
Jewellery
 x - a ring of resist corrosion (left hand)
Wands
 h - a wand of iceblast (3)
 w - a wand of digging (5)
Scrolls
 c - 2 scrolls of immolation
 g - a scroll of poison {unknown}
 j - a scroll of fear {unknown}
 k - a scroll of amnesia {unknown}
 r - a scroll of acquirement {unknown}
 t - a scroll of summoning {unknown}
 u - a scroll of silence {unknown}
Potions
 b - a potion of might
 e - a potion of attraction
 i - 3 potions of cancellation
 l - a potion of mutation
 m - a potion of lignification {unknown}
 n - 2 potions of heal wounds
 s - a potion of curing {unknown}
 v - a potion of flight {unknown}


   Skills:
 + Level 4.4 Fighting
 * Level 8.4 Crossbows
 + Level 2.2 Armour
 - Level 3.0 Dodging
 - Level 5.0 Stealth
 + Level 0.2 Invocations


You had 6 spell levels left.
You didn't know any spells.
Your spell library contained the following spells:

 Spells                   Type           Power      Damage    Failure   Level
 Freeze                   Ice            0%         1d3       65%         1
 Sting                    Tmut/Pois      0%         1d3       65%         1
 Poisonous Vapours        Pois/Air       0%         N/A       80%         2
 Frozen Ramparts          Ice            0%         1d2       95%         3
 Ozocubu's Armour         Ice            0%         N/A       95%         3
 Portal Projectile        Hex/Tloc       0%         N/A       95%         3
 Hailstorm                Conj/Ice       0%         3d3       100%        4
 Leda's Liquefaction      Hex/Erth       0%         N/A       100%        4
 Olgreb's Toxic Radiance  Pois           0%         N/A       100%        4
 Metabolic Englaciation   Hex/Ice        0%         N/A       100%        5
 Call Canine Familiar     Summ           Unusable   N/A       N/A         3
 Simulacrum               Ice/Necr       Unusable   N/A       N/A         6

Dungeon Overview and Level Annotations

Branches:
Dungeon (5/15)             Temple (1/1) D:4

Altars:
Ashenzari
Cheibriados
Dithmenos
Gozag
Nemelex Xobeh
Okawaru
Trog
Uskayaw
Wu Jian
Xom

Annotations:
D:4 2 transporters


Innate Abilities, Weirdness & Mutations

You are small and have problems with some larger weapons.
You are completely attuned to the shadows.


Message History

The bolt hits the iguana but does no damage.
The iguana is heavily wounded.
The iguana bites you! The iguana misses you.
You shoot a bolt. The bolt hits the iguana.
The iguana is severely wounded.
The iguana closely misses you.
You shoot a bolt. The bolt hits the iguana.
The iguana is almost dead.
The iguana bites you!
You shoot a bolt. The bolt hits the iguana.
The iguana is almost dead.
The iguana bites you.
You shoot a bolt. The bolt hits the iguana.
You kill the iguana!
Okawaru accepts your kill.
You start resting.
HP restored.
You now have 251 gold pieces (gained 9).
You see here an iguana corpse.
You open the door.
There is an open door here.
Found a stone staircase leading up.
There is a stone staircase leading up here.
Found an opulent altar of Gozag.
An ogre comes into view. It is wielding a +0 giant club.
An ogre is nearby!
You shoot a bolt. The bolt hits the ogre.
The ogre shouts!
The ogre is lightly wounded.
You shoot a bolt. The bolt hits the ogre.
The ogre is moderately wounded.
You shoot a bolt. The bolt hits the ogre.
The ogre is heavily wounded.
The ogre hits you with a +0 giant club!!
You shoot a bolt. The bolt hits the ogre.
The ogre is heavily wounded.
An adder comes into view.
The ogre hits you with a +0 giant club!!
Ouch! That really hurt!
You die...

#.#
#.....#
#.#
#.....#
#.#
###..##
#. #.#
#.#####.#
........#
..#..####
###.###
#..@.$#
#.#O###
#.._.
###.#.
....#


You could see an ogre.

Vanquished Creatures
  3 scorpions
  2 jellies
  Natasha (thrice) (D:3)
  3 iguanas
  6 gnolls
  8 adders
  2 white imps
  An ufetubus (D:4)
  5 dart slugs
  9 orcs
  8 ball pythons
  8 endoplasms
  4 giant cockroaches (D:1)
  8 goblins
  4 hobgoblins
  5 jackals
  5 quokkas
  4 bats
  3 frilled lizards
  3 kobolds
  5 rats
99 creatures vanquished.

Notes
Turn   | Place    | Note
-------+----------+-------------------------------------------
     0 | D:1      | Illumine the Kobold Hunter began the quest for the Orb.
     0 | D:1      | Reached XP level 1. HP: 12/12 MP: 1/1
   155 | D:1      | Reached XP level 2. HP: 18/18 MP: 2/2
   771 | D:2      | Reached XP level 3. HP: 22/22 MP: 3/3
   937 | D:2      | Found a shimmering altar of Xom.
  1073 | D:2      | Reached skill level 6 in Crossbows
  1422 | D:2      | Identified the +1 ring mail of Ulitiot {rF+ Dex+4}
  1658 | D:3      | Reached XP level 4. HP: 27/27 MP: 4/4
  1970 | D:3      | Reached XP level 5. HP: 32/32 MP: 5/5
  2544 | D:3      | Reached skill level 1 in Armour
  2740 | D:3      | Found a hide-covered altar of Uskayaw.
  2740 | D:3      | Noticed Natasha
  2742 | D:3      | Killed Natasha
  2743 | D:3      | Reached skill level 7 in Crossbows
  2743 | D:3      | Reached XP level 6. HP: 37/37 MP: 6/6
  2774 | D:3      | Found a snail-covered altar of Cheibriados.
  2877 | D:3      | Noticed Natasha
  2882 | D:3      | Killed Natasha
  3216 | D:3      | Found a hide-covered altar of Uskayaw.
  3246 | D:3      | Found a snail-covered altar of Cheibriados.
  3316 | D:3      | Noticed Natasha
  3325 | D:3      | Killed Natasha
  3679 | D:4      | Found a transporter.
  3696 | D:4      | Found a transporter.
  3783 | D:4      | Reached XP level 7. HP: 23/43 MP: 7/7
  4006 | D:4      | Found a broken altar of Ashenzari.
  4280 | D:4      | Found a staircase to the Ecumenical Temple.
  4286 | Temple   | Entered the Ecumenical Temple
  4333 | Temple   | Became a worshipper of Warmaster Okawaru
  4420 | D:4      | Found a shadowy altar of Dithmenos.
  4448 | D:4      | Found a bloodstained altar of Trog.
  4479 | D:4      | Reached skill level 8 in Crossbows
  4666 | D:5      | Entered Level 5 of the Dungeon
  5075 | D:5      | Reached skill level 5 in Stealth
  5369 | D:5      | Found an opulent altar of Gozag.
  5375 | D:5      | Slain by an ogre

Illustrated notes

Levels and vault maps discovered:
D:1:      minmay_arrival_cross, layout_loops_ring, minmay_pentomino_x4
D:2:      layout_loops_cross, basic_altar
D:3:      minmay_spotlight, layout_basic, mainiacjoe_overflow_two_lobes,
          uniq_natasha
D:4:      gammafunk_steamed_eel, layout_basic, mainiacjoe_overflow_paths,
          mainiacjoe_overflow_swirl, minmay_temple_entry_statues_pillars,
          hangedman_decor_slide_cut
D:5:      layout_basic, nicolae_gozag_cash_rules_everything_around_me,
          saegor_snake_ambush
Temple:   nicolae_temple_figure_zero

Skill      XL: |  1  2  3  4  5  6  7 |
---------------+----------------------+-----
Stealth        | 2 3 4 5 |  5.0
Crossbows      | 6 7 8 |  8.4
Dodging        | 3 |  3.0
Fighting       | 3 4 |  4.4
Armour         | 1 2 |  2.2
Invocations    | |  0.2

Action                   |  1- 3 |  4- 6 |  7- 9 || total
-------------------------+-------+-------+-------++-------
 Fire: Hand crossbow     |    80 |   138 |    62 ||   280
  Use: Scroll            |       |       |     5 ||     5
Armor: Leather armour    |    12 |       |       ||    12
       Ring mail         |     3 |    24 |     9 ||    36
Dodge: Dodged            |    25 |    74 |    11 ||   110

Table legend: (Time is in decaauts)
 A = Elapsed time spent in this place.
 B = Non-inter-level travel time spent in this place.
 C = Inter-level travel time spent in this place.
 D = Time resting spent in this place.
 E = Time spent auto-exploring this place.
 F = Levels seen in this place.
 G = Mean time per level.
                   A        B        C        D        E       F      G
               +--------+--------+--------+--------+--------+-----+--------+
         Total |   5456 |   5278 |    178 |    886 |   3675 |   6 |  909.3 |
       Dungeon |   5399 |   5230 |    169 |    886 |   3633 |   5 | 1079.8 |
        Temple |     57 |     48 |      9 |      0 |     42 |   1 |   57.0 |
               +--------+--------+--------+--------+--------+-----+--------+

Top non-repeatable levels by time:
     D:3: 1493 daAuts
     D:4: 1276 daAuts
     D:2: 1198 daAuts
     D:5: 723 daAuts
     D:1: 706 daAuts
  Temple: 57 daAuts
